 Dungeon Crawl Stone Soup version 0.15.1-3-g1b33baa (webtiles) character file.

1043 CrazyArbalest the Slinger (level 8, -1/54 HPs)
             Began as a Halfling Fighter on Oct 6, 2014.
             Killed by divine providence
             ... invoked by an orc priest
              (14 damage)
             ... on Level 5 of the Dungeon.
             The game lasted 00:38:49 (7069 turns).

CrazyArbalest the Slinger (Halfling Fighter)        Turns: 7069, Time: 00:38:49

HP  -1/54        AC  6     Str 16      XL: 8   Next: 49%
MP   0/8         EV 15     Int 12      God:
Gold 279         SH  0     Dex 16      Spells:  0 memorised,  7 levels left

rFire  . . .     SeeInvis .     b - +0 hunting sling
rCold  + . .     Clarity  .     s - +2 robe {rC+}
rNeg   . . .     rCorr    .     c - +0 buckler
rPois  .         rRot     .     (no helmet)
rElec  .         Spirit   +     J - +0 cloak
SustAb .         Warding  .     t - +0 pair of gloves
rMut   .         Stasis   .     (no boots)
Gourm  .                        K - amulet of guardian spirit
MR     .....                    (no ring)
                                v - ring of flight

@: confused, brilliant, not resistant to hostile enchantments, very unstealthy
A: mutation resistance 1
a: Evoke Flight


You were on level 5 of the Dungeon.
You were near starving.

You visited 1 branch of the dungeon, and saw 5 of its levels.

You collected 279 gold pieces.

Inventory:

Hand weapons
 a - a +0 cutlass
 b - a +0 hunting sling (weapon)
 w - a +2 dagger of speed
Missiles
 p - 12 sling bullets (quivered)
 F - 40 bolts
 G - 182 stones
Armour
 c - a +0 buckler (worn)
 s - a +2 robe of cold resistance (worn)
 t - a +0 pair of gloves (worn)
 J - a +0 cloak (worn)
Magical devices
 E - a wand of cold (6)
 H - a wand of enslavement (13) {unknown}
Comestibles
 d - 3 bread rations
 g - 3 meat rations
 j - 9 fruits
 l - 3 beef jerkies
Scrolls
 k - 2 scrolls of recharging
 n - a scroll of enchant weapon
 o - 5 scrolls of teleportation
 r - 2 scrolls of fear
 y - a scroll of noise
 A - a scroll of random uselessness {unknown}
 B - a scroll of immolation {unknown}
Jewellery
 f - an uncursed amulet of faith
 v - a ring of flight (left hand)
 z - an uncursed amulet of resist mutation
 K - an amulet of guardian spirit (around neck)
Potions
 e - 3 potions of might
 C - a potion of agility


   Skills:
 + Level 3.7 Fighting
 + Level 4.0 Short Blades
 * Level 9.4 Slings
 + Level 4.7 Armour
 + Level 3.2 Dodging
 + Level 4.4 Shields
 + Level 0.4 Evocations


You had 7 spell levels left.
You didn't know any spells.

Dungeon Overview and Level Annotations

Branches:
Dungeon (5/15)
 Temple: D:4-7

Altars:
Xom

Shops:
D:5 *

Annotations:
D:4 CrazyArbalest's ghost, average KoCK
D:5 Prince Ribbit


Innate Abilities, Weirdness & Mutations

You are small and have problems with some larger weapons.
You are somewhat resistant to further mutation.


Message History

Drink which item? (? for menu, Esc to quit)
You are confused.
It was a potion of confusion.
The orc wizard gestures at you while chanting.
You are more confused.
The orc priest glows brightly for a moment.
You're too confused!
Unknown command.
The orc wizard gestures at you while chanting.
The magic dart hits you!
* * * LOW HITPOINT WARNING * * *
The orc wizard hits you with a dagger.
* * * LOW HITPOINT WARNING * * *
The orc priest becomes somewhat translucent.
The orc wizard barely misses you. The orc wizard misses you.
The orc wizard completely misses you.
The orc priest calls down the wrath of Beogh upon you.
Something smites you!
You die...

#.# #....#####..# ##.##
#............ ###...###
#...###.###>. .......
##.## #.# #.# #o..#
#.####.###.#
###.##o######.
#...>#.....#
#......o).ro#.#
#).........#
........####o#.#
####.####..# ##.#.####
#@#.# #.......# # #.
#.#.# #.####.## # #.#.#
#.####.# #.####.#.#
##....#.#
#........#####...#.#.#
#.####...#...........##
.####...#.#..........(
.....................##
#.######.#.#.......###


You could see an orc priest, an orc wizard and a quokka.

Vanquished Creatures
  Edmund (D:4)
  An ice beast (D:3)
  A sky beast (D:4)
  A centaur (D:5)
  2 ogres
  Crazy Yiuf (D:4)
  2 orc priests (D:5)
  A hound (D:5)
  A worker ant (D:4)
  An iguana (D:4)
  3 orc wizards
  Jessica (D:3)
  7 gnolls
  An adder (D:2)
  A giant mite (D:2)
  An inept item mimic (D:5)
  A shadow imp (D:5)
  2 worms
  An ooze (D:2)
  12 orcs
  3 ball pythons
  6 goblins
  19 hobgoblins
  14 bats
  7 giant cockroaches
  5 giant geckos
  A giant gecko skeleton (D:4)
  13 giant newts
  A goblin zombie (D:5)
  A hobgoblin skeleton (D:3)
  6 jackals (D:3)
  10 kobolds
  8 rats
  A bush (D:3)
  A plant (D:3)
138 creatures vanquished.

Notes
Turn   | Place    | Note
--------------------------------------------------------------
     0 | D:1      | CrazyArbalest, the Halfling Fighter, began the quest for the Orb.
     0 | D:1      | Reached XP level 1. HP: 15/15 MP: 1/1
   161 | D:1      | Reached XP level 2. HP: 20/20 MP: 2/2
   364 | D:1      | Reached XP level 3. HP: 16/26 MP: 3/3
  1349 | D:2      | Reached XP level 4. HP: 26/31 MP: 4/4
  1450 | D:2      | Found a shimmering altar of Xom.
  1460 | D:2      | Found a shimmering altar of Xom.
  1460 | D:2      | Found a shimmering altar of Xom.
  1468 | D:2      | Found a shimmering altar of Xom.
  1576 | D:2      | Reached skill level 1 in Slings
  1685 | D:2      | Reached skill level 1 in Dodging
  2421 | D:3      | Noticed Jessica
  2429 | D:3      | Killed Jessica
  2429 | D:3      | Reached skill level 4 in Armour
  2429 | D:3      | Reached XP level 5. HP: 36/36 MP: 5/5
  3131 | D:3      | Noticed an ice beast
  3434 | D:3      | Killed an ice beast
  3434 | D:3      | Reached XP level 6. HP: 42/42 MP: 6/6
  4915 | D:4      | Noticed CrazyArbalest's ghost (average KoCK)
  5045 | D:4      | Noticed Crazy Yiuf
  5063 | D:4      | Killed Crazy Yiuf
  5148 | D:4      | Noticed a sky beast
  5155 | D:4      | Killed a sky beast
  5155 | D:4      | Reached skill level 5 in Slings
  5155 | D:4      | Reached XP level 7. HP: 46/46 MP: 7/7
  5538 | D:4      | Noticed Edmund
  5692 | D:4      | Killed Edmund
  5692 | D:4      | Reached skill level 6 in Slings
  5960 | D:4      | Reached skill level 7 in Slings
  6118 | D:5      | Entered Level 5 of the Dungeon
  6186 | D:5      | Reached XP level 8. HP: 37/54 MP: 8/8
  6305 | D:5      | Reached skill level 8 in Slings
  6575 | D:5      | Noticed Prince Ribbit
  6712 | D:5      | Reached skill level 9 in Slings
  6988 | D:5      | Found Naalet's Assorted Antiques.
  7069 | D:5      | Killed from afar by an orc priest

Action                   |  1- 3 |  4- 6 |  7- 9 || total
-------------------------+-------+-------+-------++-------
Melee: Cutlass           |   143 |   500 |   104 ||   747
 Fire: Hunting sling     |    12 |    60 |   136 ||   208
Evoke: Wand              |       |       |     2 ||     2
  Use: Scroll            |       |       |     7 ||     7
       Potion            |       |       |     5 ||     5
  Eat: Chunk             |       |    15 |     3 ||    18
       Fruit             |       |       |     1 ||     1
